 Seeded DCSS version 0.31-a0-1204-ge2c1a860ed (webtiles) character file.

Game seed: 5822734329038698815 (custom seed)

900 timneilson the Ruffian (level 8, -1/54 HPs)
             Began as an Octopode Shapeshifter on Dec 12, 2023.
             Slain by a gnoll
             ... wielding a +0 club
             ... led by a gnoll sergeant
              (5 damage)
             ... on level 5 of the Dungeon.
             The game lasted 00:05:52 (3994 turns).

timneilson the Ruffian (Octopode Shapeshifter)      Turns: 3994, Time: 00:05:52

Health: -1/54      AC:  1    Str: 15    XL:     8   Next: 7%
Magic:  8/8        EV: 15    Int: 12    God:
Gold:   176        SH:  0    Dex: 15    Spells: 7/7 levels left

rFire   . .          .
                       - Unarmed
rCold   . . .        (no shield)
rNeg    . . .        (helmet currently unavailable)
rPois   .            g - amulet of Amelioration {RegenMP +Blink Dex+3}
rElec   .            d - ring of resist corrosion
rCorr   +            (no ring)
SInv    .            (no ring)
Will    .....        (no ring)
Stlth   ++++         (no ring)
HPRegen 0.29/turn    (no ring)
MPRegen 0.51/turn    (no ring)
                     (no ring)

%: no passive effects
@: beast-form
A: beast (slay +2), almost no armour, amphibious, 8 rings, camouflage 1,
gelatinous body 1, (nimble swimmer 1), tentacles
a: Begin Untransformation, Evoke Blink


You were on level 5 of the Dungeon.
You were a hulking beast.
You visited 1 branch of the dungeon, and saw 5 of its levels.

You collected 176 gold pieces.

Inventory:

Jewellery
 d - a ring of resist corrosion (left tentacle)
 g - the amulet of Amelioration (around mantle) {RegenMP +Blink Dex+3}
   (You found it on level 2 of the Dungeon)

   [amulet of magic regeneration]

   RegenMP:   It increases your rate of magic regeneration.
   Dex+3:     It affects your dexterity (+3).
   +Blink:    It lets you blink.
Talismans
 b - a beast talisman
 c - a flux talisman
Wands
 j - a wand of paralysis (8)
 l - a wand of mindburst (7)
Scrolls
 e - a scroll of teleportation
 k - 2 scrolls of blinking {unknown}
 o - a scroll of brand weapon {unknown}
Potions
 a - 2 potions of lignification
 f - a potion of cancellation
 h - a potion of ambrosia
 i - a potion of attraction
 m - a potion of brilliance {unknown}
 n - a potion of heal wounds {unknown}


   Skills:
 * Level 4.0 Fighting
 * Level 4.4 Dodging
 + Level 4.1 Stealth
 * Level 5.0 Unarmed Combat
 + Level 1.4 Evocations
 * Level 4.8 Shapeshifting


You had 7 spell levels left.
You didn't know any spells.
Your spell library contained the following spells:

 Spells                   Type           Power      Damage    Failure   Level
 Necrotise                Necr           0%         1d4       32%         1
 Vampiric Draining        Necr           0%         2d6       69%         3
 Passage of Golubria      Tloc           0%         N/A       97%         4
 Agony                    Necr           0%         N/A       100%        5
 Silence                  Hex/Air        0%         N/A       100%        5
 Lehudib's Crystal Spear  Conj/Erth      0%         10d2      100%        8


Dungeon Overview and Level Annotations

Branches:
Dungeon (5/15)
 Temple: D:4-7

Altars:

Shops:
D:1 [!**[   D:4 :


Innate Abilities, Weirdness & Mutations

You are a hulking beast.
Your limbs bulge with bestial killing power. (Slay +2)
You cannot wear most types of armour.
You are amphibious.
You can wear up to eight rings at the same time.
Your skin changes colour to match your surroundings (Stealth+).
Your rubbery body absorbs attacks. (AC +1, EV +1)
((You are camouflaged when in or above water. (Stealth+)))
You have tentacles for arms and can constrict up to eight enemies at once.


Message History

The gnoll sergeant is heavily wounded.
You constrict the gnoll sergeant.
The gnoll sergeant hits you with a +0 spear.
* * * LOW HITPOINT WARNING * * *
The gnoll barely misses you.
You tentacle-slap the gnoll sergeant. You squeeze the gnoll sergeant.
The gnoll sergeant is almost dead.
You constrict the gnoll sergeant. The gnoll sergeant closely misses you.
The gnoll hits you from afar with a +0 spear!
* * * LOW HITPOINT WARNING * * *
You tentacle-slap the gnoll sergeant.
You kill the gnoll sergeant!
The gnoll barely misses you.
Your Fighting skill increases to level 4!
You have reached level 8!
Okay, then.
The gnoll misses you.
Things that are here:
a +0 spear; a +0 ring mail You closely miss the gnoll.
You grab the gnoll. You squeeze the gnoll.
The gnoll is lightly wounded.
You constrict the gnoll. The gnoll hits you with a +0 spear.
* * * LOW HITPOINT WARNING * * *
You bludgeon the gnoll!
You kill the gnoll!
You bludgeon the gnoll! You grab the gnoll.
The gnoll is heavily wounded.
You constrict the gnoll, but do no damage.
The gnoll barely misses you.
You bludgeon the gnoll!
You kill the gnoll!
Your Unarmed Combat skill increases to level 5!
You bludgeon the gnoll! You grab the gnoll.
The gnoll is heavily wounded.
You constrict the gnoll. The gnoll closely misses you.
You tentacle-slap the gnoll. You squeeze the gnoll.
The gnoll is almost dead.
You constrict the gnoll, but do no damage.
The gnoll hits you with a +0 club.
You die...

#.# #.#
#.########
#.#... ...
#.#.####.##
###
#..........
..# ###.####.#
#.#
#.####.#####.#
#.#
#.......)hg..#
#.#
##############
#.# #.#####
......#
..###.#
..###.#
...##.#
.#.##<#


You could see a gnoll.

Vanquished Creatures
  Sigmund (D:2)
  3 black bears
  A scorpion (D:4)
  A gnoll sergeant (D:5)
  2 jellies
  3 iguanas
  Ijyb (D:3)
  An orc wizard (D:3)
  Robin (D:3)
  3 gnolls (D:5)
  3 adders (D:2)
  2 dart slugs
  9 orcs
  6 ball pythons
  8 bats
  8 endoplasms
  2 giant cockroaches (D:2)
  8 goblins
  6 hobgoblins
  5 jackals
  5 kobolds
  3 quokkas
  4 frilled lizards
  6 rats
92 creatures vanquished.

Notes
Turn   | Place    | Note
-------+----------+-------------------------------------------
     0 | D:1      | timneilson the Octopode Shapeshifter began the quest for
                  | the Orb.
     0 | D:1      | Reached XP level 1. HP: 13/13 MP: 1/1
   123 | D:1      | Found Yme Kant's Distillery.
   131 | D:1      | Reached XP level 2. HP: 18/18 MP: 2/2
   183 | D:1      | Found Curras Zicudd's Antique Armour Emporium.
   297 | D:1      | Found Geczoggi's Assorted Antiques.
   299 | D:1      | Found Jetu Moariu's General Store.
   322 | D:1      | Found Mesugina's Armour Shop.
   439 | D:1      | Reached XP level 3. HP: 20/23 MP: 3/3
   443 | D:1      | Reached skill level 1 in Stealth
   526 | D:1      | Identified a scroll of acquirement
   526 | D:1      | Acquired a ring of resist corrosion
   859 | D:2      | Noticed Sigmund
   870 | D:2      | Killed Sigmund
   871 | D:2      | Reached XP level 4. HP: 10/30 MP: 4/4
   871 | D:2      | Reached XP level 5. HP: 12/35 MP: 5/5
  1090 | D:2      | You fall into a shaft and drop 1 floor!
  1100 | D:2      | Found a faded altar of an unknown god.
  1131 | D:2      | Identified the amulet of Amelioration {RegenMP +Blink
                  | Dex+3}
  1323 | D:2      | Reached skill level 4 in Unarmed Combat
  1323 | D:2      | Reached XP level 6. HP: 41/41 MP: 6/6
  1951 | D:3      | Noticed a black bear
  1958 | D:3      | Killed a black bear
  2158 | D:3      | Noticed Robin
  2192 | D:3      | Noticed Ijyb
  2201 | D:3      | Killed Robin
  2202 | D:3      | Paralysed by Ijyb for 5 turns
  2210 | D:3      | Killed Ijyb
  2643 | D:4      | Reached XP level 7. HP: 27/46 MP: 7/7
  2799 | D:4      | Found Hodown's Book Boutique.
  3465 | D:4      | Reached skill level 1 in Evocations
  3865 | D:5      | Entered Level 5 of the Dungeon
  3988 | D:5      | Reached XP level 8. HP: 7/54 MP: 8/8
  3989 | D:5      | HP: 2/54 [gnoll/+0 spear[a gnoll sergeant] (5)]
  3993 | D:5      | Reached skill level 5 in Unarmed Combat
  3994 | D:5      | Slain by a gnoll

Illustrated notes

Levels and vault maps discovered:
D:1:      lightli_arrival_maybe_door_vault, layout_basic, serial_shops,
          nicolae_shop_trees, shop, nicolae_shop_temple_entry_statues_fountains,
          nicolae_shop_getting_attention, shop, minmay_pentomino_o4
D:2:      layout_basic, basic_ecumenical_altar, uniq_sigmund
D:3:      layout_loops_cross, minivault_27, nicolae_goblin_pals, uniq_ijyb,
          uniq_robin
D:4:      layout_basic, serial_shops, shop
D:5:      layout_loops_cross

Skill      XL: |  1  2  3  4  5  6  7  8 |
---------------+-------------------------+-----
Stealth        | 2 3 4 |  4.1
Fighting       | 2 3 4 |  4.0
Dodging        | 3 4 |  4.4
Unarmed Combat | 4 5 |  5.0
Shapeshifting  | 4 |  4.8
Evocations     | 1 |  1.4

Action                     |  1- 3 |  4- 6 |  7- 9 || total
---------------------------+-------+-------+-------++-------
  Melee: Unarmed           |    70 |    60 |    60 ||   190
         Constrict         |    11 |    17 |    11 ||    39
         Tentacles         |     8 |    20 |    14 ||    42
         Punch             |     4 |     4 |     5 ||    13
    Use: Scroll            |     2 |     4 |     2 ||     8
   Stab: Sleeping          |     4 |    10 |     8 ||    22
 Armour: Skin              |    29 |    19 |    26 ||    74
  Dodge: Dodged            |    43 |    33 |    35 ||   111

Table legend: (Time is in decaauts)
 A = Elapsed time spent in this place.
 B = Non-inter-level travel time spent in this place.
 C = Inter-level travel time spent in this place.
 D = Time resting spent in this place.
 E = Time spent auto-exploring this place.
 F = Levels seen in this place.
 G = Mean time per level.
                   A        B        C        D        E       F      G
               +--------+--------+--------+--------+--------+-----+--------+
         Total |   3978 |   3851 |    127 |     11 |   3096 |   5 |  795.6 |
       Dungeon |   3978 |   3851 |    127 |     11 |   3096 |   5 |  795.6 |
               +--------+--------+--------+--------+--------+-----+--------+

Top non-repeatable levels by time:
     D:4: 1266 daAuts
     D:2: 1183 daAuts
     D:3: 869 daAuts
     D:1: 532 daAuts
     D:5: 127 daAuts
